 Seeded DCSS version 0.30-a0-722-g3e6e8c874d (webtiles) character file.

Game seed: 5430720872467839093 (custom seed)

130 OTABOTABOTAB the Caller (level 5, -8/32 HPs)
             Began as an Octopode Summoner on Jan 28, 2023.
             Killed by divine providence
             ... invoked by an orc priest
              (11 damage)
             ... on level 2 of the Dungeon.
             The game lasted 00:03:57 (2321 turns).

OTABOTABOTAB the Caller (Octopode Summoner)         Turns: 2321, Time: 00:03:57

Health: -8/32      AC:  1    Str: 13    XL:     5   Next: 14%
Magic:  4/10       EV: 13    Int: 19    God:
Gold:   69         SH:  0    Dex: 13    Spells: 1/10 levels left

rFire   . . .      SeeInvis .    l - +0 dagger (venom)
rCold   + . .      Faith    .    (no shield)
rNeg    . . .      Spirit   .    (helmet restricted)
rPois   .          Reflect  .    (no amulet)
rElec   .          Harm     .    b - +6 ring of strength
rCorr   .          Rampage  .    C - ring of protection from cold {rC+, !d}
Will    .....                    (no ring)
Stlth   +++                      (no ring)
HPRegen 0.25/turn                (no ring)
MPRegen 0.12/turn                (no ring)
                                 (no ring)
                                 (no ring)

@: very slightly contaminated
A: almost no armour, amphibious, 8 rings, camouflage 1, gelatinous body 1,
(nimble swimmer 1), tentacles
a: no special abilities


You were on level 2 of the Dungeon.
You visited 1 branch of the dungeon, and saw 3 of its levels.

You collected 69 gold pieces.

Inventory:

Hand Weapons
 l - a +0 dagger of venom (weapon)
   (You took it off a kobold on level 1 of the Dungeon)
Missiles
 s - 8 stones (quivered)
Jewellery
 b - a +6 ring of strength (left tentacle)
   (You found it on level 1 of the Dungeon)
 C - a ring of protection from cold (right tentacle) {rC+, !d}
   (You found it on level 2 of the Dungeon)
Scrolls
 a - 4 scrolls of acquirement {unknown}
 f - 2 scrolls of amnesia
Potions
 d - a potion of mutation {unknown}
 h - a potion of attraction {unknown}
 J - a potion of curing {@q1}
 M - a potion of magic


   Skills:
 + Level 0.7 Fighting
 + Level 2.2 Dodging
 - Level 2.6 Stealth
 + Level 3.4 Spellcasting
 + Level 0.6 Hexes
 + Level 5.0 Summonings


You had one spell level left.
You knew the following spells:

 Your Spells              Type           Power      Damage    Failure   Level
a - Summon Small Mammal   Summ           88%        N/A       1%          1
b - Call Canine Familiar  Summ           22%        N/A       5%          3
c - Call Imp              Summ           22%        N/A       2%          2
d - Summon Guardian Gole  Hex/Summ       14%        N/A       14%         3

Your spell library contained the following spells:

 Spells                   Type           Power      Damage    Failure   Level
 Summon Lightning Spire   Summ/Air       12%        N/A       45%         4


Dungeon Overview and Level Annotations

Branches:
Dungeon (3/15)

Altars:

Shops:
D:2 ?


Innate Abilities, Weirdness & Mutations

You cannot wear most types of armour.
You are amphibious.
You can wear up to eight rings at the same time.
Your skin changes colour to match your surroundings (Stealth+).
Your rubbery body absorbs attacks. (AC +1, EV +1)
((You are camouflaged when in or above water. (Stealth+)))
You have tentacles for arms and can constrict up to eight enemies at once.


Message History

The stone hits the endoplasm but does no damage.
Your crimson imp hits the endoplasm.
The endoplasm closely misses your crimson imp.
Your crimson imp blinks!
Your crimson imp blinks!
An endoplasm is nearby!
You hit the endoplasm but do no damage. The endoplasm completely misses you.
You barely miss the endoplasm. You squeeze the endoplasm.
You kill the endoplasm!
No target in view!
You swap places.
l - 4 scrolls labelled ICHANW HIUVOTE (gained 1)
Your crimson imp disappears in a puff of smoke!
You see here a +0 club.
There is a stone staircase leading down here.
Done exploring.
Done exploring.
Done exploring.
Adjust to which letter? (? for menu, Esc to quit)
a - 4 scrolls labelled ICHANW HIUVOTE;
l - a +0 dagger (weapon)
As you read the scroll labelled ACVEH IGGIFUPE, it crumbles to dust.
Your body is wracked with pain!
It was a scroll of torment.
You take 15 damage, and have 17/32 hp.
MASSIVE DAMAGE!!
As you read the scroll labelled FOAG OXIETEFUL, it crumbles to dust.
The scroll dissolves into smoke.
It was a scroll of fog.
As you read the scroll labelled KIASOIHUUP, it crumbles to dust.
It is a scroll of identify.
i - 2 potions of curing;
J - 2 potions of curing
As you read the scroll labelled KIEHURPHODD, it crumbles to dust.
It is a scroll of brand weapon.
Your +0 dagger drips with poison.
l - a +0 dagger of venom (weapon)
As you read the scroll labelled OSHUOC TYODAXA, it crumbles to dust.
It is a scroll of amnesia.
Really abort (and waste the scroll)?
Okay, then.
As you read the scroll labelled QODEMI MUTED, it crumbles to dust.
You hear a loud clanging noise!
It was a scroll of noise.
As you read the scroll labelled ULOOHASMUSE, it crumbles to dust.
The air around you briefly surges with heat, but it dissipates.
It was a scroll of immolation.
As you read the scroll labelled VADUNN HIYST, it crumbles to dust.
You feel strangely unstable.
It was a scroll of teleportation.
As you read the scroll labelled YMAALE IKAA, it crumbles to dust.
It is a scroll of enchant armour.
You aren't carrying any armour which can be enchanted further.
You start resting.
Your surroundings suddenly seem different.
Okay, then.
Unknown command.
Done exploring.
Health restored: 32 Done exploring.
Done exploring.
(D) Dungeon
Where to? (Enter - D:2, ? - help)
There is a stone staircase leading down here.
You climb downwards.
The hobgoblin shouts!
Found six items.
Found an escape hatch in the ceiling.
Found two stone staircases leading down and a stone staircase leading up.
There is a stone staircase leading up here.
There are monsters nearby!
Unknown command.
The orc shouts!
The orc priest shouts!
The orc shouts!
You climb upwards.
There is a stone staircase leading down here.
You climb downwards.
The orc completely misses you.
There is a stone staircase leading up here.
The ball python hisses angrily.
The orc hits you with a +0 whip. The hobgoblin misses you.
The orc priest mumbles some strange prayers to Beogh against you.
Beogh smites you!
Ouch! That really hurt!
The orc hits you with a +0 club.
You climb upwards.
There is a stone staircase leading down here.
You take 22 damage, and have 10/32 hp.
MASSIVE DAMAGE!!
Okay, then.
You feel better. The hobgoblin misses you. The orc priest barely misses you.
You regained 9 hp, and now have 19/32 hp.
Nothing appears to happen.
The hobgoblin hits you.
The orc priest calls down the wrath of Beogh upon you.
Pain shoots through your body!
* * * LOW HITPOINT WARNING * * *
You take 14 damage, and have 5/32 hp.
MASSIVE DAMAGE!!
You now have 7/10 mp.
You miscast Call Canine Familiar.
You are very lightly contaminated with residual magic.
Nothing appears to happen.
The hobgoblin hits you.
* * * LOW HITPOINT WARNING * * *
The orc priest invokes the aid of Beogh against you.
Beogh smites you!
You die...

#..#...#.....#...#.....
#...รท#....#....#....#.#
#......#.....#...#....#
###..#...#.#.......#...
##...#.....##........
###.##.#####..#..###
#o##.#####.##..#
#o##.......##..###
#@#####........... #g#
##.......... #o#
##.#.#...... #.#
#........... #.#
#.........##
#.#####.......#.#
#.............#.#
#######.....).#.#
#.......#.#


You could see an orc priest, 2 orcs and a hobgoblin.

Vanquished Creatures
  3 endoplasms
  A goblin (D:1)
  A hobgoblin (D:1)
  A bat (D:2)
  A kobold (D:1)
  A rat (D:1)
8 creatures vanquished.

Vanquished Creatures (collateral kills)
  A necrophage (D:2)
  3 gnolls (D:2)
  An adder (D:2)
  2 bats
  2 endoplasms (D:1)
  A hobgoblin (D:2)
  4 jackals (D:1)
  4 kobolds
  2 quokkas (D:1)
  2 ball pythons (D:1)
  A frilled lizard (D:2)
  3 goblins
26 creatures vanquished.

Grand Total: 34 creatures vanquished

Notes
Turn   | Place    | Note
-------+----------+-------------------------------------------
     0 | D:1      | OTABOTABOTAB the Octopode Summoner began the quest for the
                  | Orb.
     0 | D:1      | Reached XP level 1. HP: 11/11 MP: 3/3
   246 | D:1      | Reached XP level 2. HP: 17/17 MP: 1/5
   249 | D:1      | Learned a level 2 spell: Call Imp
  1136 | D:1      | Reached XP level 3. HP: 21/21 MP: 4/6
  1140 | D:1      | Learned a level 3 spell: Call Canine Familiar
  1402 | D:2      | Found Doddoiw's Magic Scroll Shoppe.
  1504 | D:2      | Noticed a necrophage
  1511 | D:2      | Killed a necrophage
  1512 | D:2      | Reached skill level 3 in Spellcasting
  1512 | D:2      | Reached XP level 4. HP: 25/27 MP: 0/8
  1516 | D:2      | Learned a level 3 spell: Summon Guardian Golem
  1651 | D:2      | Reached skill level 5 in Summonings
  1732 | D:2      | Reached XP level 5. HP: 32/32 MP: 0/10
  2320 | D:2      | HP: 5/32 [orc priest/nerve-wracking pain (9)]
  2321 | D:2      | Killed from afar by an orc priest

Illustrated notes

Levels and vault maps discovered:
D:1:      dpeg_arrival_boxes_within_box, layout_basic
D:2:      layout_loops_ring, serial_shops, shop, nicolae_kite_square_tiling_tiny
D:3:      layout_rooms, okawaru_metal_pillars_3, ebering_ecumenical_altar_rust

Skill      XL: |  1  2  3  4 |
---------------+-------------+-----
Spellcasting   | 3 |  3.4
Summonings     | 5 |  5.0
Fighting       | |  0.7
Dodging        | |  2.2
Stealth        | |  2.6
Hexes          | |  0.6

Action                     |  1- 3 |  4- 6 || total
---------------------------+-------+-------++-------
  Melee: Dagger            |    10 |     3 ||    13
         Constrict         |     3 |       ||     3
         Tentacles         |     1 |     1 ||     2
  Throw: Stone             |     6 |     5 ||    11
   Cast: Summon Small Mamm |    29 |     7 ||    36
         Call Imp          |    10 |     5 ||    15
         Call Canine Famil |     2 |     4 ||     6
    Use: Scroll            |       |     9 ||     9
         Potion            |       |     1 ||     1
 Armour: Skin              |     2 |       ||     2
  Dodge: Dodged            |     7 |     8 ||    15

Table legend: (Time is in decaauts)
 A = Elapsed time spent in this place.
 B = Non-inter-level travel time spent in this place.
 C = Inter-level travel time spent in this place.
 D = Time resting spent in this place.
 E = Time spent auto-exploring this place.
 F = Levels seen in this place.
 G = Mean time per level.
                   A        B        C        D        E       F      G
               +--------+--------+--------+--------+--------+-----+--------+
         Total |   2321 |   2262 |     59 |      2 |   1900 |   3 |  773.7 |
       Dungeon |   2321 |   2262 |     59 |      2 |   1900 |   3 |  773.7 |
               +--------+--------+--------+--------+--------+-----+--------+

Top non-repeatable levels by time:
     D:1: 1273 daAuts
     D:2: 1043 daAuts
     D:3: 4 daAuts

Table legend:
 A = Kills in this place as a percentage of kills in entire the game.
 B = Kills by you in this place as a percentage of kills by you in the entire game.
 C = Kills by friends in this place as a percentage of kills by friends in the entire game.
 D = Other kills in this place as a percentage of other kills in the entire game.
 E = Experience gained in this place as a percentage of experience gained in the entire game.
 F = Experience gained in this place divided by the number of levels of this place that you have seen.
                   A       B       C       D       E      F
               +-------+-------+-------+-------+-------+----------------------
         Total | 100.0 | 100.0 | 100.0 |   N/A | 100.0 |  62.3
       Dungeon | 100.0 | 100.0 | 100.0 |   N/A | 100.0 |  62.3
               +-------+-------+-------+-------+-------+----------------------
